 Dungeon Crawl Stone Soup version 0.19-a0-14-gde87d98 (webtiles) character file.

36 M4edhros the Grave Robber (level 3, -5/21 HPs)
             Began as an Octopode Necromancer on Apr 29, 2016.
             Was an Initiate of Cheibriados.
             Slain by a worker ant (7 damage)
             ... on level 4 of the Dungeon.
             The game lasted 00:15:35 (487 turns).

M4edhros the Grave Robber (Octopode Necromancer)     Turns: 487, Time: 00:15:36

Health: -5/21      AC:  1    Str:  8    XL:     3   Next: 37%
Magic:  1/6        EV: 12    Int: 16    God:    Cheibriados [......]
Gold:   34         SH:  0    Dex: 14    Spells: 3 memorised, 1 level left

rFire  + . .     SeeInvis .       - Unarmed
rCold  + . .     Gourm    .     (no shield)
rNeg   . . .     Faith    .     (helmet restricted)
rPois  +         Spirit   .     (no amulet)
rElec  +         Dismiss  .     (no ring)
rCorr  +         Reflect  .     (no ring)
SustAt .         Harm     .     (no ring)
MR     .....                    (no ring)
Stlth  +++.......               (no ring)
                                (no ring)
                                (no ring)
                                (no ring)

@: resistant, very slightly contaminated, very slow, not resistant to hostile
enchantments, fairly stealthy
A: almost no armour, amphibious, 8 rings, constrict 8, beak, camouflage 1, dopey
1, gelatinous body 1
a: Bend Time, Renounce Religion


You were on level 4 of the Dungeon.
You worshipped Cheibriados.
Cheibriados was noncommittal.
You were not hungry.

You visited 1 branch of the dungeon, and saw 4 of its levels.

You collected 34 gold pieces.

Inventory:

Hand Weapons
 g - a +0 hunting sling
Missiles
 h - 46 stones (quivered)
Wands
 o - a wand of lightning (9/15)
Scrolls
 d - a scroll of identify {unknown}
 i - a scroll of remove curse {unknown}
 m - a scroll of teleportation {unknown}
 n - a scroll of enchant weapon {unknown}
Potions
 l - a potion of degeneration {unknown}
 p - a potion of cure mutation {unknown}
Books
 a - a book of Necromancy

   Spells                             Type                      Level
   a - Pain                           Necromancy                   1
   b - Animate Skeleton               Necromancy                   1
   c - Vampiric Draining              Necromancy                   3
   d - Regeneration                   Charms/Necromancy            3
   e - Animate Dead                   Necromancy                   4
   f - Control Undead                 Necromancy                   4
Comestibles
 b - a bread ration
 c - a slice of pizza
 f - 3 chunks of flesh


   Skills:
 - Level 2.0 Dodging
 - Level 2.6 Stealth
 + Level 2.9 Unarmed Combat
 - Level 2.0 Spellcasting
 - Level 4.0 Necromancy


You had one spell level left.
You knew the following spells:

 Your Spells              Type           Power        Failure   Level  Hunger
a - Pain                  Necr           ##..         4%          1    #......
b - Animate Skeleton      Necr           N/A          4%          1    #......
r - Regeneration          Chrm/Necr      #.........   28%         3    ###....


Dungeon Overview and Level Annotations

Branches:
Dungeon (4/15)
 Temple: D:4-7

Altars:
Ashenzari
Cheibriados
Elyvilon
Makhleb
Trog


Innate Abilities, Weirdness & Mutations

You cannot wear most types of armour.
You are amphibious.
You can wear up to eight rings at the same time.
You can use your tentacles to constrict eight enemies at once.
Your skin changes colour to match your surroundings (Stealth).
Your rubbery body absorbs attacks (AC +1).
You have a beak for a mouth.
You are dopey. (Int -2)


Message History

Drink which item? (? for menu, Esc to quit)
Okay, then.
Read which item? (? for menu, Esc to quit)
Okay, then.
You tentacle-slap the worker ant but do no damage.
You tentacle-slap the worker ant, but do no damage.
The worker ant is moderately wounded.
You constrict the worker ant, but do no damage.
The worker ant barely misses you.
Your adder skeleton bites the worker ant but does no damage.
You tentacle-slap the worker ant. Your peck misses the worker ant.
The worker ant is moderately wounded.
You constrict the worker ant, but do no damage.
The worker ant closely misses you.
Your adder skeleton bites the worker ant.
You tentacle-slap the worker ant but do no damage.
The worker ant is heavily wounded.
You constrict the worker ant, but do no damage.
The worker ant bites you!
You die...

#......# #......#
####......#
#.........#
#.........#
#.........#
#####.....#
.......$.#
........Z@#
........?a.......
.................
.................
##...............
#.....#.#.######
#######.#.# $.#.#


You could see a worker ant and a friendly adder skeleton.

Vanquished Creatures
  2 adders
  2 giant geckos
  A ball python (D:3)
  A giant cockroach (D:1)
  2 goblins
  A bat (D:2)
  A giant newt (D:3)
  4 kobolds
  3 rats (D:3)
17 creatures vanquished.

Notes
Turn   | Place    | Note
--------------------------------------------------------------
     0 | D:1      | M4edhros the Octopode Necromancer began the quest for the Orb.
     0 | D:1      | Reached XP level 1. HP: 11/11 MP: 3/3
    81 | D:1      | Reached skill level 1 in Unarmed Combat
   154 | D:2      | You fall through a shaft for 2 floors!
   158 | D:4      | Noticed an iguana
   164 | D:4      | Noticed a worker ant
   178 | D:3      | Reached XP level 2. HP: 9/17 MP: 0/5
   308 | D:3      | Found a shattered altar of Ashenzari.
   309 | D:3      | Found a white marble altar of Elyvilon.
   310 | D:3      | Found a bloodstained altar of Trog.
   312 | D:3      | Found a burning altar of Makhleb.
   312 | D:3      | Found a snail-covered altar of Cheibriados.
   328 | D:3      | Became a worshipper of Cheibriados the Contemplative
   400 | D:3      | Gained mutation: You have a beak for a mouth. [potion of mutation]
   400 | D:3      | Gained mutation: You are dopey. (Int -2) [potion of mutation]
   407 | D:3      | Reached XP level 3. HP: 18/21 MP: 2/6
   412 | D:3      | Learned a level 3 spell: Regeneration
   414 | D:3      | Learned a level 1 spell: Animate Skeleton
   487 | D:4      | Slain by a worker ant

Vault maps used:
D:1:      mushboom_english_gardens, minmay_bisected
D:2:      minivault_19, makhleb_heckhound_becter
D:3:      grunt_temple_overflow_open
D:4:      lemuel_castle_with_subvaults, nicolae_overflow_crystal_walls,
          led_sif_pool, lemuel_statue_altar

Skill      XL: |  1  2 |
---------------+-------+-----
Unarmed Combat | 1 2 |  2.9
Dodging        | |  2.0
Stealth        | |  2.6
Spellcasting   | |  2.0
Necromancy     | |  4.0

Action                   || total
-------------------------++-------
Melee: Unarmed           ||     7
       Constrict         ||     2
       Peck              ||     1
       Punch             ||     1
       Tentacles         ||     1
 Fire: Hunting sling     ||     1
 Cast: Pain              ||    35
       Animate Skeleton  ||     2
  Use: Potion            ||     4
Armor: Skin              ||     5
Dodge: Dodged            ||    10
